 Dungeon Crawl Stone Soup version 0.30.0-15-g856e2d3f33 (webtiles) character file.

Game seed: 4911605980456693026

33535 qw the Severer (level 13, 0/86 HPs)
             Began as a Gargoyle Cinder Acolyte on May 18, 2023.
             Was an Initiate of Ignis.
             Killed from afar by an oklob plant (22 damage)
             ... with a splash of acid
             ... on level 4 of the Lair of Beasts.
             The game lasted 00:08:36 (13884 turns).

qw the Severer (Gargoyle Cinder Acolyte)           Turns: 13884, Time: 00:08:36

Health: 0/86       AC: 24    Str: 22    XL:     13   Next: 71%
Magic:  14/14      EV:  7    Int: 16    God:    Ignis [......]
Gold:   855        SH:  0    Dex:  5    Spells: 14/14 levels left

rFire   + . .        Y - +1 war axe
rCold   . . .        (no shield)
rNeg    + . .        h - +0 plate armour
rPois   inf          (no helmet)
rElec   +            f - +0 cloak
rCorr   .            g - +2 pair of gloves
SInv    .            q - +1 pair of boots
Will    .....        m - amulet of regeneration Stlth
                     a - +4 ring of protection
HPRegen 1.14/turn    n - +4 ring of slaying {mikee}
MPRegen 0.14/turn

%: no passive effects
@: about to teleport, corroded
A: sickness immunity, AC +9, negative energy resistance 1, electricity
resistance, torment resistance 1, petrification resistance
a: Renounce Religion, Rising Flame


You were on level 4 of the Lair of Beasts.
You worshipped Ignis.
Ignis was noncommittal.
You visited 2 branches of the dungeon, and saw 14 of its levels.

You collected 855 gold pieces.


Innate Abilities, Weirdness & Mutations

You are immune to sickness and miasma.
Your stone body is resilient. (AC +9)
You are immune to poison.
You resist negative energy. (rN+)
You are resistant to electric shocks. (rElec)
You are resistant to unholy torment.
You are immune to petrification.


   Skills:
 - Level 12.0 Fighting
 + Level 15.8 Axes
 - Level 5.0 Throwing
 - Level 11.0 Armour
 - Level 1.1 Dodging
 - Level 1.0 Spellcasting
 - Level 3.0 Fire Magic


You had 14 spell levels left.
You didn't know any spells.
Your spell library contained the following spells:

 Spells                   Type           Power      Damage    Failure   Level
 Scorch                   Fire           20%        2d5       77%         2

Inventory:

Hand Weapons
 o - a +0 hand axe of flaming
 Y - a +1 war axe (weapon)
Missiles
 r - 6 javelins (quivered)
Armour
 f - a +0 cloak (worn)
 g - a +2 pair of gloves (worn)
 h - a +0 plate armour (worn)
 q - a +1 pair of boots (worn)
Jewellery
 a - a +4 ring of protection (left hand)
 j - the amulet "Catrev" {Fragile rElec rN+ Regen+}
   (You found it on level 1 of the Lair of Beasts)

   [amulet of regeneration]

   rElec:     It insulates you from electricity.
   rN:        It protects you from negative energy.
   Regen:     It increases your rate of health regeneration.
   Fragile:   It will be destroyed if unequipped.
 m - an amulet of regeneration (around neck)
 n - a +4 ring of slaying (right hand) {mikee}
Wands
 k - a wand of digging (9)
Scrolls
 b - 7 scrolls of identify
 c - 6 scrolls of teleportation
Potions
 d - 7 potions of curing
 e - 2 potions of haste
 i - 2 potions of might
 l - a potion of mutation
 s - a potion of resistance

Dungeon Overview and Level Annotations

Branches:
Dungeon (10/15)            Temple (0/1) D:7            Lair (4/5) D:10
  Swamp (0/4) Lair:2        Snake (0/4) Lair:2          Orc (0/2) D:10
  Slime: Lair:4-5

Altars:
Dithmenos
Elyvilon
Hepliaklqana
Nemelex Xobeh
Okawaru
Qazlal
Ru
Sif Muna
Trog
Uskayaw
Zin

Shops:
D:2 [   D:10 :

Annotations:
D:6 2 transporters, qw's ghost, novice GrFi


Message History

The acid corrodes you!
You hit the oklob plant but do no damage.
The oklob plant is heavily damaged.
You hit the oklob plant but do no damage.
You punch the oklob plant, but do no damage.
The oklob plant is heavily damaged.
Your surroundings suddenly seem different.
You start resting.
HP restored.
You start waiting.
You are no longer corroded.
Done waiting.
The oklob plant spits acid at you. The splash of acid hits you!
The acid corrodes you!
You see here a scroll labelled RUPNYBL TOOSE.
The oklob plant spits acid at you. The splash of acid hits you!!
The acid corrodes you!
You hit the oklob plant.
The oklob plant is lightly damaged.
You hit the oklob plant but do no damage.
The oklob plant is lightly damaged.
The oklob plant spits acid at you. The splash of acid hits you!!
You hit the oklob plant but do no damage.
The oklob plant is lightly damaged.
You completely miss the oklob plant.
The oklob plant is lightly damaged.
The oklob plant spits acid at you.
The splash of acid hits you but does no damage.
The acid corrodes you!
13883 ||| READING 7 scrolls of teleportation.
As you read the scroll of teleportation, it crumbles to dust.
You feel strangely unstable. The oklob plant spits acid at you.
The splash of acid hits you!!!
13884 ||| DRINKING potion of heal wounds.
You feel much better. The oklob plant spits acid at you.
The splash of acid hits you!!
You die...

#... ####... #.....# ##..###
########### ########..#.#
##.#.P..#..# ###..P#P#..##..
...........# #####..........#...
##..####..#####?.P##.......PP#..(
#.## ##...#.##?@.##.......###..#
#.# #.....#..$.[#.......###...#
##.## ##...########.......# #>.8#
#...# ##..## ####......###...#
#..####..########..........###..#
...#.....###...##.........P..#...
.............................#...
..#..##...#.#######..P..#.#..###.
..#######.### ####.####### ##


You could see an oklob plant.

Vanquished Creatures
  2 hydras
  A centaur warrior (D:10)
  2 two-headed ogres
  6 death yaks
  A skyshark (Lair:4)
  2 bog bodies (Lair:2)
  An ugly thing (D:10)
  A black mamba (Lair:1)
  7 cane toads
  2 rime drakes
  5 komodo dragons
  A polar bear (Lair:3)
  A queen bee (D:10)
  2 trolls (D:10)
  A hornet (D:9)
  13 blink frogs
  Sigmund (D:5)
  A shadow (D:10)
  A wraith (D:9)
  4 wyverns
  Eustachio (D:4)
  2 basilisks
  4 fire bats (Lair:2)
  48 yaks
  2 steam dragons
  A warg (Lair:3)
  An acid dragon (D:8)
  3 nagas (Lair:2)
  9 water moccasins
  5 orc warriors (D:10)
  2 ice beasts
  3 sky beasts
  3 black bears
  5 centaurs
  7 ogres
  14 wolves
  2 kobold brigands
  Blork the orc (D:4)
  6 bullfrogs
  6 gnoll sergeants
  2 scorpions
  4 wights (D:10)
  30 killer bees
  5 electric eels (Lair:2)
  3 howler monkeys
  3 lava snakes (Lair:2)
  2 gnoll boudas
  8 hounds
  A jelly (D:6)
  A sleepcap (D:7)
  Natasha (thrice) (D:4)
  6 orc wizards
  18 gnolls
  4 adders
  A shadow imp (D:6)
  A white imp (D:5)
  An ufetubus (D:6)
  A dart slug (D:5)
  4 worms
  32 orcs
  3 bats
  6 endoplasms
  2 giant cockroaches
  4 hobgoblins
  12 jackals
  9 kobolds
  2 quokkas
  3 ball pythons
  A frilled lizard (D:1)
  4 goblins
  6 rats
362 creatures vanquished.

Notes
Turn   | Place    | Note
-------+----------+-------------------------------------------
     0 | D:1      | qw the Gargoyle Cinder Acolyte began the quest for the Orb.
     0 | D:1      | Reached XP level 1. HP: 14/14 MP: 2/2
     0 | D:1      | 0 ||| qw: Version: 0.2-a-95-gc95f03d
     0 | D:1      | 0 ||| qw: Game counter: 45
     0 | D:1      | 0 ||| qw: Always use a shield: true
     0 | D:1      | 0 ||| qw: God list: Okawaru
     0 | D:1      | 0 ||| qw: Allow faded altars: false
     0 | D:1      | 0 ||| qw: Do Orc after D:15 true
     0 | D:1      | 0 ||| qw: Do second Lair branch before Depths: true
     0 | D:1      | 0 ||| qw: Lair rune preference: random
     0 | D:1      | 0 ||| qw: Plans: Normal
     0 | D:1      | 0 ||| PLANNING D:1-11
   246 | D:1      | Reached skill level 3 in Axes
   287 | D:1      | 287 ||| INVOKING Fiery Armour.
   319 | D:1      | Reached XP level 2. HP: 19/19 MP: 3/3
   445 | D:1      | 445 ||| Stepping ~*~*~tactically~*~*~ (hiding).
   537 | D:1      | 537 ||| Stepping ~*~*~tactically~*~*~ (hiding).
   900 | D:1      | 900 ||| INVOKING Fiery Armour.
   900 | D:1      | HP: 3/19 [gnoll/+0 club (4)]
   903 | D:1      | Reached XP level 3. HP: 5/23 MP: 4/4
  1074 | D:1      | 1074 ||| UPGRADING to +0 chain mail.
  1084 | D:1      | 1084 ||| DROPPING +0 robe.
  1085 | D:1      | 1085 ||| UPGRADING to +0 pair of gloves.
  1090 | D:1      | 1090 ||| READING scroll labelled TUDIRUQUSY.
  1091 | D:1      | 1091 ||| READING scroll labelled BOROIM DOUF.
  1096 | D:1      | 1096 ||| READING scroll labelled WOLOUPR DYTEQAS.
  1097 | D:1      | 1097 ||| READING scroll labelled VIUXEQ PAOWYM.
  1098 | D:1      | 1098 ||| READING scroll labelled CERYAS FASH.
  1099 | D:1      | 1099 ||| READING scroll labelled ACLUS CINOMNI.
  1171 | D:2      | 1171 ||| STAIRDANCE
  1236 | D:2      | Reached skill level 1 in Armour
  1320 | D:2      | Reached skill level 4 in Axes
  1440 | D:2      | Found a shimmering blue altar of Sif Muna.
  1461 | D:2      | 1461 ||| Stepping ~*~*~tactically~*~*~ (stealth).
  1493 | D:2      | 1493 ||| Stepping ~*~*~tactically~*~*~ (stealth).
  1494 | D:2      | 1494 ||| Stepping ~*~*~tactically~*~*~ (stealth).
  1498 | D:2      | 1498 ||| Stepping ~*~*~tactically~*~*~ (stealth).
  1499 | D:2      | 1499 ||| Stepping ~*~*~tactically~*~*~ (stealth).
  1502 | D:2      | 1502 ||| Stepping ~*~*~tactically~*~*~ (stealth).
  1506 | D:2      | 1506 ||| Stepping ~*~*~tactically~*~*~ (stealth).
  1513 | D:2      | Found Nanuoqan's Antique Armour Boutique.
  1523 | D:2      | 1523 ||| SHOPLISTING +2 cloak of the Thief {*Fog Slay-2
                  | SInv Stlth+} (341 gold, have 74).
  1523 | D:2      | 1523 ||| SHOPLISTING helmet (76 gold, have 74).
  1523 | D:2      | 1523 ||| SHOPLISTING pair of embroidered gloves (127 gold,
                  | have 74).
  1523 | D:2      | 1523 ||| SHOPLISTING runed chain mail (127 gold, have 74).
  1523 | D:2      | 1523 ||| SHOPLISTING spiked ice dragon scales (1105 gold,
                  | have 74).
  1559 | D:2      | Reached XP level 4. HP: 25/28 MP: 5/5
  1884 | D:2      | 1884 ||| UPGRADING to +4 ring of protection.
  1885 | D:2      | 1885 ||| DRINKING 2 metallic grey potions.
  1886 | D:2      | 1886 ||| READING 4 scrolls of identify.
  1886 | D:2      | 1886 ||| IDENTIFYING clear potion
  1887 | D:2      | 1887 ||| DROPPING potion of lignification.
  1939 | D:3      | Noticed a black bear
  1955 | D:3      | 1955 ||| INVOKING Fiery Armour.
  1955 | D:3      | Killed a black bear
  1956 | D:3      | Reached skill level 3 in Armour
  1956 | D:3      | Reached XP level 5. HP: 10/32 MP: 6/6
  2058 | D:3      | 2058 ||| Stepping ~*~*~tactically~*~*~ (stealth).
  2258 | D:3      | Found a bloodstained altar of Trog.
  2342 | D:3      | Found a faded altar of an unknown god.
  2446 | D:3      | 2446 ||| INVOKING Fiery Armour.
  2613 | D:3      | Found a glowing silver altar of Zin.
  2638 | D:3      | 2638 ||| UPGRADING to amulet of regeneration.
  2643 | D:3      | 2643 ||| READING scroll labelled MUAREI WUFOD.
  2644 | D:3      | 2644 ||| READING scroll labelled UTOAZU NOOXTYETYDGH.
  2645 | D:3      | 2645 ||| READING scroll labelled ICVITAONOI.
  2651 | D:3      | 2651 ||| DRINKING 2 fuming brown potions.
  2652 | D:3      | 2652 ||| READING 5 scrolls of identify.
  2652 | D:3      | 2652 ||| IDENTIFYING silvery potion
  2653 | D:3      | 2653 ||| READING 4 scrolls of identify.
  2653 | D:3      | 2653 ||| IDENTIFYING fuming clear potion
  2654 | D:3      | 2654 ||| DROPPING potion of attraction.
  2655 | D:3      | 2655 ||| DROPPING potion of invisibility.
  2696 | D:4      | Noticed Natasha
  2697 | D:4      | 2697 ||| Stepping ~*~*~tactically~*~*~ (hiding).
  2700 | D:4      | 2700 ||| Stepping ~*~*~tactically~*~*~ (hiding).
  2705 | D:4      | 2705 ||| INVOKING Fiery Armour.
  2708 | D:4      | Killed Natasha
  2947 | D:4      | Reached skill level 5 in Axes
  2947 | D:4      | Reached XP level 6. HP: 37/37 MP: 7/7
  2970 | D:4      | Noticed Natasha
  2971 | D:4      | 2971 ||| Stepping ~*~*~tactically~*~*~ (stealth).
  2972 | D:4      | 2972 ||| Stepping ~*~*~tactically~*~*~ (stealth).
  2973 | D:4      | 2973 ||| Stepping ~*~*~tactically~*~*~ (stealth).
  2986 | D:4      | Killed Natasha
  3062 | D:4      | Noticed Eustachio
  3063 | D:4      | 3063 ||| Stepping ~*~*~tactically~*~*~ (stealth).
  3064 | D:4      | 3064 ||| Stepping ~*~*~tactically~*~*~ (stealth).
  3066 | D:4      | 3066 ||| Stepping ~*~*~tactically~*~*~ (stealth).
  3071 | D:4      | 3071 ||| INVOKING Fiery Armour.
  3122 | D:4      | Killed Eustachio
  3123 | D:4      | Reached skill level 6 in Axes
  3123 | D:4      | Reached XP level 7. HP: 43/43 MP: 8/8
  3136 | D:4      | Noticed Blork the orc
  3137 | D:4      | 3137 ||| Stepping ~*~*~tactically~*~*~ (hiding).
  3138 | D:4      | 3138 ||| Stepping ~*~*~tactically~*~*~ (hiding).
  3141 | D:4      | 3141 ||| Stepping ~*~*~tactically~*~*~ (hiding).
  3142 | D:4      | 3142 ||| Stepping ~*~*~tactically~*~*~ (hiding).
  3143 | D:4      | 3143 ||| Stepping ~*~*~tactically~*~*~ (hiding).
  3144 | D:4      | 3144 ||| Stepping ~*~*~tactically~*~*~ (hiding).
  3145 | D:4      | 3145 ||| Stepping ~*~*~tactically~*~*~ (hiding).
  3146 | D:4      | 3146 ||| Stepping ~*~*~tactically~*~*~ (hiding).
  3148 | D:4      | 3148 ||| Stepping ~*~*~tactically~*~*~ (hiding).
  3149 | D:4      | 3149 ||| Stepping ~*~*~tactically~*~*~ (hiding).
  3157 | D:4      | Killed Blork the orc
  3313 | D:4      | Found an iron altar of Okawaru.
  3462 | D:4      | Noticed Natasha
  3478 | D:4      | Killed Natasha
  3700 | D:4      | 3700 ||| UPGRADING to +6 ring of dexterity.
  3701 | D:4      | 3701 ||| READING scroll labelled VAFRONN DATO.
  3711 | D:5      | Entered Level 5 of the Dungeon
  3750 | D:5      | Found a stormy altar of Qazlal.
  3759 | D:5      | Found a sparkling altar of Nemelex Xobeh.
  3780 | D:5      | 3780 ||| Stepping ~*~*~tactically~*~*~ (hiding).
  3864 | D:5      | Reached skill level 1 in Dodging
  3931 | D:5      | 3931 ||| INVOKING Fiery Armour.
  3937 | D:5      | Reached skill level 7 in Axes
  3937 | D:5      | Reached XP level 8. HP: 24/48 MP: 9/9
  4245 | D:5      | 4245 ||| Stepping ~*~*~tactically~*~*~ (stealth).
  4247 | D:5      | 4247 ||| Stepping ~*~*~tactically~*~*~ (hiding).
  4532 | D:5      | 4532 ||| Stepping ~*~*~tactically~*~*~ (hiding).
  4664 | D:5      | Noticed Sigmund
  4665 | D:5      | 4665 ||| Stepping ~*~*~tactically~*~*~ (hiding).
  4666 | D:5      | 4666 ||| Stepping ~*~*~tactically~*~*~ (hiding).
  4676 | D:5      | 4676 ||| DRINKING 3 potions of curing.
  4676 | D:5      | 4676 ||| (to cure confusion)
  4679 | D:5      | Killed Sigmund
  4965 | D:5      | 4965 ||| READING 3 scrolls of identify.
  4965 | D:5      | 4965 ||| IDENTIFYING viscous ruby potion
  5036 | D:5      | 5036 ||| READING 2 scrolls of identify.
  5036 | D:5      | 5036 ||| IDENTIFYING bubbling emerald potion
  5043 | D:6      | 5043 ||| PLANNING SEWER
  5051 | D:6      | 5051 ||| Stepping ~*~*~tactically~*~*~ (stealth).
  5066 | D:6      | Reached skill level 8 in Axes
  5073 | D:6      | 5073 ||| Stepping ~*~*~tactically~*~*~ (stealth).
  5102 | D:6      | 5102 ||| SWAPPING to +0 war axe.
  5106 | D:6      | Found a faded altar of an unknown god.
  5108 | D:6      | Found a hazy altar of Hepliaklqana.
  5108 | D:6      | Found a faded altar of an unknown god.
  5177 | D:6      | 5177 ||| Stepping ~*~*~tactically~*~*~ (stealth).
  5179 | D:6      | 5179 ||| Stepping ~*~*~tactically~*~*~ (hiding).
  5181 | D:6      | 5181 ||| Stepping ~*~*~tactically~*~*~ (hiding).
  5182 | D:6      | 5182 ||| Stepping ~*~*~tactically~*~*~ (hiding).
  5192 | D:6      | 5192 ||| READING scroll labelled MUHU KECUTI.
  5193 | D:6      | 5193 ||| READING 3 scrolls of identify.
  5193 | D:6      | 5193 ||| IDENTIFYING smoky cyan potion
  5194 | D:6      | 5194 ||| READING 2 scrolls of identify.
  5194 | D:6      | 5194 ||| IDENTIFYING amethyst potion
  5195 | D:6      | 5195 ||| DROPPING potion of ambrosia.
  5231 | D:6      | Reached skill level 6 in Fighting
  5259 | D:6      | 5259 ||| READING scroll of enchant weapon.
  5259 | D:6      | 5259 ||| ENCHANTING +0 war axe.
  5316 | D:6      | Found a glowing drain.
  5373 | D:6      | 5373 ||| Stepping randomly (stuck).
  5397 | D:6      | 5397 ||| Stepping ~*~*~tactically~*~*~ (stealth).
  5438 | D:6      | Reached XP level 9. HP: 51/55 MP: 10/10
  5444 | D:6      | 5444 ||| INVOKING Fiery Armour.
  5449 | D:6      | Reached skill level 9 in Axes
  5546 | D:6      | 5546 ||| Stepping ~*~*~tactically~*~*~ (stealth).
  5547 | D:6      | 5547 ||| Stepping ~*~*~tactically~*~*~ (stealth).
  5552 | D:6      | 5552 ||| Stepping ~*~*~tactically~*~*~ (hiding).
  5571 | D:6      | 5571 ||| Stepping ~*~*~tactically~*~*~ (stealth).
  5624 | D:6      | Found a transporter.
  5633 | D:6      | 5633 ||| UPGRADING to +4 ring of slaying {mikee}.
  5635 | D:6      | 5635 ||| DRINKING 2 potions of curing.
  5635 | D:6      | 5635 ||| (to cure confusion)
  5682 | D:6      | 5682 ||| DRINKING potion of curing.
  5682 | D:6      | 5682 ||| (to cure confusion)
  5703 | D:6      | 5703 ||| RIP SEWER
  5735 | D:6      | 5735 ||| PLANNING D:1-11
  5751 | D:6      | Noticed qw's ghost (novice GrFi)
  5758 | D:6      | Found a transporter.
  5806 | D:6      | 5806 ||| DROPPING +6 ring of dexterity.
  6573 | D:7      | 6573 ||| INVOKING Fiery Armour.
  6585 | D:7      | Reached skill level 10 in Axes
  6647 | D:7      | Found a staircase to the Ecumenical Temple.
  6662 | D:7      | 6662 ||| DROPPING +1 ring mail of fire resistance.
  6663 | D:7      | 6663 ||| UPGRADING to +0 pair of boots.
  6668 | D:7      | 6668 ||| READING 2 scrolls labelled ZETENA ZUCH.
  6669 | D:7      | 6669 ||| READING scroll of enchant armour.
  6669 | D:7      | 6669 ||| ENCHANTING +0 pair of gloves.
  6670 | D:7      | 6670 ||| READING 3 scrolls of identify.
  6670 | D:7      | 6670 ||| IDENTIFYING sedimented orange potion
  6671 | D:7      | 6671 ||| READING 2 scrolls of identify.
  6671 | D:7      | 6671 ||| IDENTIFYING golden potion
  6672 | D:7      | 6672 ||| DROPPING potion of brilliance.
  6699 | D:8      | 6699 ||| Stepping ~*~*~tactically~*~*~ (stealth).
  6738 | D:8      | 6738 ||| READING scroll of enchant armour.
  6738 | D:8      | 6738 ||| ENCHANTING +1 pair of gloves.
  6791 | D:8      | 6791 ||| INVOKING Fiery Armour.
  6798 | D:8      | Reached skill level 6 in Armour
  6798 | D:8      | Reached XP level 10. HP: 50/64 MP: 11/11
  6832 | D:8      | Reached skill level 11 in Axes
  7131 | D:8      | Found a hide-covered altar of Uskayaw.
  7242 | D:8      | 7242 ||| DROPPING +3 hand axe.
  7339 | D:8      | 7339 ||| DROPPING +1 scale mail of poison resistance.
  7340 | D:8      | 7340 ||| READING scroll labelled KOSEUKH EWNUO.
  7441 | D:8      | 7441 ||| READING scroll labelled OFUKHO WETY.
  7606 | D:9      | Noticed a two-headed ogre
  7619 | D:9      | Killed a two-headed ogre
  7620 | D:9      | Reached skill level 9 in Fighting
  7806 | D:9      | 7806 ||| READING scroll of enchant armour.
  7806 | D:9      | 7806 ||| ENCHANTING +0 pair of boots.
  7851 | D:9      | Found a shadowy altar of Dithmenos.
  8002 | D:9      | 8002 ||| Stepping ~*~*~tactically~*~*~ (stealth).
  8003 | D:9      | 8003 ||| Stepping ~*~*~tactically~*~*~ (stealth).
  8004 | D:9      | 8004 ||| Stepping ~*~*~tactically~*~*~ (hiding).
  8087 | D:9      | Found a white marble altar of Elyvilon.
  8455 | D:9      | 8455 ||| READING 5 scrolls of identify.
  8455 | D:9      | 8455 ||| IDENTIFYING fizzy silvery potion
  8456 | D:9      | 8456 ||| DROPPING potion of flight.
  8461 | D:10     | Entered Level 10 of the Dungeon
  8461 | D:10     | Noticed a death yak
  8461 | D:10     | Found a staircase to the Lair.
  8462 | D:10     | 8462 ||| INVOKING Fiery Armour.
  8463 | D:10     | Noticed a death yak
  8463 | D:10     | Noticed a death yak
  8464 | D:10     | 8464 ||| Stepping ~*~*~tactically~*~*~ (stealth).
  8472 | D:10     | Killed a death yak
  8473 | D:10     | Reached skill level 12 in Axes
  8473 | D:10     | Reached XP level 11. HP: 69/72 MP: 12/12
  8482 | D:10     | Killed a death yak
  8497 | D:10     | Killed a death yak
  8535 | D:10     | Noticed a red ugly thing
  8553 | D:10     | Killed a red ugly thing
  8630 | D:10     | 8630 ||| INVOKING Fiery Armour.
  8634 | D:10     | 8634 ||| Stepping ~*~*~tactically~*~*~ (stealth).
  8656 | D:10     | Reached skill level 13 in Axes
  8683 | D:10     | 8683 ||| Stepping ~*~*~tactically~*~*~ (stealth).
  8734 | D:10     | Found Adadiyts's Book Shoppe.
  8758 | D:10     | Noticed a two-headed ogre
  8765 | D:10     | Killed a two-headed ogre
  8821 | D:10     | Found a staircase to the Orcish Mines.
  8822 | D:10     | 8822 ||| INVOKING Fiery Armour.
  8834 | D:10     | HP: 18/72 [gnoll sergeant/+4 trident of venom (8)]
  8835 | D:10     | 8835 ||| READING 8 scrolls of teleportation.
  8837 | D:10     | HP: 4/72 [ogre/+0 giant spiked club (16)]
  8838 | D:10     | 8838 ||| DRINKING 2 potions of heal wounds.
  8840 | D:10     | 8840 ||| DRINKING potion of heal wounds.
  8845 | D:10     | 8845 ||| Stepping randomly (disturbance).
  8949 | D:10     | Noticed a centaur warrior
  8950 | D:10     | 8950 ||| Stepping ~*~*~tactically~*~*~ (hiding).
  8952 | D:10     | 8952 ||| Stepping ~*~*~tactically~*~*~ (stealth).
  8966 | D:10     | Killed a centaur warrior
  8967 | D:10     | Reached skill level 14 in Axes
  8967 | D:10     | Reached XP level 12. HP: 54/77 MP: 13/13
  9044 | D:10     | Found a sacrificial altar of Ru.
  9045 | D:10     | 9045 ||| PLANNING OKAWARU WORSHIP
  9045 | D:10     | 9045 ||| UPGRADING to +0 plate armour.
  9055 | D:10     | 9055 ||| DROPPING +0 chain mail.
  9056 | D:10     | 9056 ||| DROPPING +0 scale mail of fire resistance.
  9195 | D:4      | 9195 ||| PLANNING LAIR
  9195 | D:4      | 9195 ||| PLANNING LAIR
  9297 | Lair:1   | Entered Level 1 of the Lair of Beasts
  9407 | Lair:1   | Reached skill level 9 in Armour
  9617 | Lair:1   | 9617 ||| Stepping ~*~*~tactically~*~*~ (hiding).
  9630 | Lair:1   | 9630 ||| READING 5 scrolls of identify.
  9630 | Lair:1   | 9630 ||| IDENTIFYING fuming blue potion
  9699 | Lair:1   | Identified the amulet "Catrev" {Fragile rElec rN+ Regen+}
 10716 | Lair:1   | 10716 ||| DROPPING potion of berserk rage.
 10776 | Lair:2   | 10776 ||| Stepping ~*~*~tactically~*~*~ (hiding).
 10778 | Lair:2   | 10778 ||| Stepping ~*~*~tactically~*~*~ (hiding).
 10788 | Lair:2   | Found a staircase to the Snake Pit.
 10873 | Lair:2   | Found a staircase to the Swamp.
 10886 | Lair:2   | Reached skill level 15 in Axes
 11111 | Lair:2   | 11111 ||| Stepping ~*~*~tactically~*~*~ (stealth).
 11112 | Lair:2   | 11112 ||| Stepping ~*~*~tactically~*~*~ (stealth).
 11114 | Lair:2   | 11114 ||| Stepping ~*~*~tactically~*~*~ (stealth).
 11166 | Lair:2   | 11166 ||| Stepping ~*~*~tactically~*~*~ (stealth).
 11182 | Lair:2   | Reached XP level 13. HP: 80/85 MP: 14/14
 11217 | Lair:2   | 11217 ||| UPGRADING to +0 cloak.
 11846 | Lair:3   | 11846 ||| STAIRDANCE
 11997 | Lair:3   | 11997 ||| Stepping ~*~*~tactically~*~*~ (stealth).
 11998 | Lair:3   | 11998 ||| SWAPPING to +0 hand axe of flaming.
 12003 | Lair:3   | 12003 ||| SWAPPING to +1 war axe.
 12111 | Lair:3   | Reached skill level 12 in Fighting
 12252 | Lair:3   | 12252 ||| Stepping ~*~*~tactically~*~*~ (stealth).
 12256 | Lair:3   | 12256 ||| Stepping ~*~*~tactically~*~*~ (hiding).
 12512 | Lair:3   | 12512 ||| Stepping ~*~*~tactically~*~*~ (hiding).
 12525 | Lair:3   | Reached skill level 1 in Throwing
 12857 | Lair:4   | 12857 ||| STAIRDANCE
 13000 | Lair:4   | Reached skill level 3 in Throwing
 13025 | Lair:4   | 13025 ||| SWAPPING to +0 hand axe of flaming.
 13035 | Lair:4   | 13035 ||| SWAPPING to +1 war axe.
 13710 | Lair:4   | 13710 ||| READING 8 scrolls of teleportation.
 13883 | Lair:4   | 13883 ||| READING 7 scrolls of teleportation.
 13883 | Lair:4   | HP: 2/86 [oklob plant/splash of acid (36)]
 13884 | Lair:4   | 13884 ||| DRINKING potion of heal wounds.
 13884 | Lair:4   | Killed from afar by an oklob plant

Levels and vault maps discovered:
D:1:      amcnicky_arrival_wind_blow, layout_basic
D:2:      layout_basic, basic_altar, serial_shops, shop
D:3:      layout_rooms, nicolae_overflow_crystal_walls, zin_statuary,
          nicolae_ecumenical_lake_church
D:4:      layout_basic, general_overflow_altar, nrook_mini_backslash,
          st_stairs_12, uniq_blork_the_orc, uniq_natasha, uniq_eustachio
D:5:      layout_layer_cave, mainiacjoe_overflow_catch_the_wave, uniq_sigmund
D:6:      layout_rooms, nicolae_hepliaklqana_ecumenical_no_more,
          gammafunk_ghost_stat_death, portal_sewer_entry_c, serial_corexii_hall,
          corexii_hall_statues_x, corexii_hall_statues_t,
          minmay_a_box_with_orc_wizards_in_it
D:7:      layout_gridville, minmay_temple_entry_glassed_door
D:8:      layout_rooms, marbit_many_paths
D:9:      layout_loops_corners, elyvilon_altar_1,
          mainiacjoe_overflow_tiny_flanked
D:10:     layout_roguey [special_room_bee], mainiacjoe_overflow_24_doors,
          dpeg_lair_monsters, kennysheep_orc_monster_closet_entryway,
          serial_shops, shop
Lair:1:   layout_layer_cave, lemuel_centaur_altar, infiniplex_staircase_pool_2
Lair:2:   layout_regular_city, skrybe_swamp_entry_bodies,
          minmay_snake_entry_guardpost_small, nicolae_lair_liquid_snakes
Lair:3:   beast_lair_carwin_large_2, layout_loops_ring, serial_bayou_shore_a
Lair:4:   layout_small_grid, dpeg_slime_entry_enclosed, minmay_lair_oklob_items,
          grunt_megastairs_5

Skill      XL: |  1  2  3  4  5  6  7  8  9 10 11 12 13 |
---------------+----------------------------------------+-----
Axes           | 3 4 5 6 7 8 10 12 14 15 | 15.8
Armour         | 1 3 4 6 8 10 11 | 11.0
Fighting       | 4 6 8 9 10 11 12 | 12.0
Dodging        | 1 |  1.1
Throwing       | 5 |  5.0
Spellcasting   | |  1.0
Fire Magic     | |  3.0

Action                     |  1- 3 |  4- 6 |  7- 9 | 10-12 | 13-15 || total
---------------------------+-------+-------+-------+-------+-------++-------
  Melee: Hand axe          |   101 |   154 |   157 |       |    13 ||   425
         Punch             |       |       |     8 |     6 |     6 ||    20
         War axe           |       |       |   191 |   546 |   319 ||  1056
  Throw: Javelin           |       |       |       |       |    15 ||    15
 Invoke: Fiery Armour      |     2 |     4 |     4 |     3 |       ||    13
    Use: Scroll            |     6 |     6 |    12 |     6 |     2 ||    32
         Potion            |       |     2 |     3 |     2 |     1 ||     8
 Armour: Robe              |    10 |       |       |       |       ||    10
         Chain mail        |    24 |   141 |   239 |   277 |       ||   681
         Plate armour      |       |       |       |   180 |   233 ||   413
  Dodge: Dodged            |    50 |    59 |   128 |   224 |    84 ||   545

Table legend:
 A = Non-vault XP
 B = Vault XP
 C = Vault XP percentage of total XP
 D = Non-vault monster count
 E = Vault monster count
 F = Vault count percentage of total count
                 A         B        C        D         E       F
            +---------+---------+-------+---------+---------+-------
      Total |   33477 |   14431 |  30.1 |     265 |      97 |  26.8
            +---------+---------+-------+---------+---------+-------
        D:1 |      45 |       0 |   0.0 |      18 |       0 |   0.0
        D:2 |      40 |       0 |   0.0 |      21 |       0 |   0.0
        D:3 |     153 |       0 |   0.0 |      13 |       0 |   0.0
        D:4 |     337 |     379 |  52.9 |      14 |       5 |  26.3
        D:5 |     489 |     243 |  33.2 |      22 |       1 |   4.3
        D:6 |     802 |     175 |  17.9 |      27 |       5 |  15.6
        D:7 |     973 |       0 |   0.0 |      21 |       0 |   0.0
        D:8 |    2965 |      35 |   1.2 |      19 |       1 |   5.0
        D:9 |    2425 |       0 |   0.0 |      14 |       0 |   0.0
       D:10 |    3307 |    7234 |  68.6 |      13 |      51 |  79.7
     Lair:1 |    7100 |     334 |   4.5 |      33 |       3 |   8.3
     Lair:2 |    4152 |    2301 |  35.7 |      18 |      12 |  40.0
     Lair:3 |    7972 |     741 |   8.5 |      23 |       6 |  20.7
     Lair:4 |    2717 |    2989 |  52.4 |       9 |      13 |  59.1
            +---------+---------+-------+---------+---------+-------
